 Dungeon Crawl Stone Soup version 0.30-a0-715-gdb4ae3ece1 (webtiles) character file.

Game seed: 11996693854622004242

40 Fenrisus the Covered (level 3, 0/33 HPs)
             Began as an Armataur Fighter on Jan 23, 2023.
             Slain by a quokka (1 damage)
             ... on level 1 of the Dungeon.
             The game lasted 00:03:38 (1408 turns).

Fenrisus the Covered (Armataur Fighter)             Turns: 1408, Time: 00:03:38

Health: 0/33       AC:  8    Str: 18 (22) XL:     3   Next: 30%
Magic:  3/3        EV:  7    Int:  1 (7)  God:
Gold:   33         SH:  4    Dex:  7 (13) Spells: 2/2 levels left

rFire   . . .      SeeInvis .    a - +0 long sword
rCold   . . .      Faith    .    c - +0 buckler
rNeg    . . .      Spirit   .    b - +1 scale mail
rPois   .          Reflect  .    (no helmet)
rElec   .          Harm     .    (no cloak)
rCorr   .          Roll     +    (no gloves)
Will    .....                    (no barding) Stlth
                                 (no amulet)
HPRegen 0.25/turn                (no ring)
MPRegen 0.08/turn                (no ring)

@: no status effects
A: large, rugged brown scales 3, deformed body, armoured tail, roll, long
tongue, awkward tongue, agile 1, evolution 1, MP-powered wands
a: no special abilities


You were on level 1 of the Dungeon.
You visited 1 branch of the dungeon, and saw 2 of its levels.

You collected 33 gold pieces.

Inventory:

Hand Weapons
 a - a +0 long sword (weapon)
Armour
 b - a +1 scale mail (worn)
 c - a +0 buckler (worn)
Scrolls
 d - 2 scrolls of teleportation
 e - a scroll of magic mapping {unknown}


   Skills:
 + Level 3.0 Fighting
 + Level 2.2 Long Blades
 + Level 4.1 Armour
 + Level 3.8 Shields


You had 2 spell levels left.
You didn't know any spells.
Your spell library contained the following spells:

 Spells                   Type           Power      Damage    Failure   Level
 Animate Dead             Necr           0%         N/A       100%        4
 Haunt                    Necr/Summ      0%         N/A       100%        7
 Infestation              Necr           0%         N/A       100%        8


Dungeon Overview and Level Annotations

Branches:
Dungeon (2/15)

Altars:

Annotations:
D:1 Sigmund


Innate Abilities, Weirdness & Mutations

You are completely covered in rugged brown scales. (AC +3, +7% HP)
Armour fits poorly on your strangely shaped body.
You have a long armoured tail.
You roll when moving toward enemies. (Rampage)
Your long tongue fully drains potion bottles. (2x potion effects)
Your tongue gives you trouble enunciating. (1.5x scroll delay)
You are agile. (Dex +4, Str/Int -1)
You have hidden genetic potential.
You expend magic power (3 MP) to strengthen your wands.


Message History

The quokka is moderately wounded.
The quokka bites you but does no damage.
Sigmund casts a spell at you.
You are confused.
You miss the quokka.
Your tail-slap misses the quokka.
The quokka is moderately wounded.
The quokka bites you but does no damage.
Sigmund points at you and mumbles some strange words.
The puff of flame misses you.
The quokka bites you but does no damage.
You barely miss Sigmund.
Sigmund is lightly wounded.
The quokka barely misses you. Sigmund hits you with a +0 scythe.
The quokka bites you but does no damage.
You hit the quokka.
The quokka is moderately wounded.
Sigmund hits you with a +0 scythe.
The quokka bites you but does no damage.
You nearly stumble into some deep water!
The quokka bites you but does no damage.
Sigmund hits you with a +0 scythe.
You miss the quokka.
The quokka is moderately wounded.
The quokka bites you but does no damage. x2
Sigmund barely misses you.
You closely miss the quokka.
The quokka is moderately wounded.
You feel less confused. You block the quokka's attack.
You barely miss the quokka.
The quokka is moderately wounded.
The quokka bites you but does no damage.
Sigmund hits you with a +0 scythe. You block the quokka's attack.
You hit Sigmund but do no damage.
Sigmund is lightly wounded.
Sigmund casts a spell at you. The puff of flame hits you!
* * * LOW HITPOINT WARNING * * *
The quokka bites you.
You die...

..#.....###..##.# #.#.#.# #.#
.....#........#.###.#.#.####.#
..####...####.....#...#......#
......(.## ##..#.############
......#.# #.##.....#
........## ##......#.#
...§≈§≈..####..≈≈≈≈...#
..≈§§≈≈≈......≈r≈≈≈≈..#
..≈§≈≈≈≈......≈≈@@≈≈..#
..≈§§§≈≈......≈≈≈≈≈≈..#
...≈≈§≈...##...≈≈≈≈...#
.#.........##.........#######
............#########.......#
..#####...#...####......###.##
...##.....###....#......†....#
.#.#..###....###....#####....#
##.#.## #............###.....#


You could see Sigmund and a quokka.

Vanquished Creatures
  A gnoll (D:1)
  A dart slug (D:1)
  2 endoplasms (D:1)
  2 giant cockroaches
  4 goblins
  3 jackals (D:2)
  4 quokkas (D:1)
  3 ball pythons
  2 bats
  2 kobolds (D:1)
  2 rats
26 creatures vanquished.

Notes
Turn   | Place    | Note
-------+----------+-------------------------------------------
     0 | D:1      | Fenrisus the Armataur Fighter began the quest for the Orb.
     0 | D:1      | Reached XP level 1. HP: 19/19 MP: 1/1
   210 | D:1      | Reached XP level 2. HP: 17/26 MP: 2/2
   404 | D:1      | Reached skill level 4 in Armour
   628 | D:1      | Reached XP level 3. HP: 32/33 MP: 3/3
   946 | D:2      | Noticed Sigmund
   961 | D:2      | Gained mutation: You have hidden genetic potential. [potion
                  | of mutation]
   961 | D:2      | Gained mutation: You are agile. (Dex +4, Str/Int -1)
                  | [potion of mutation]
   961 | D:2      | Gained mutation: You expend magic power (3 MP) to
                  | strengthen your wands. [potion of mutation]
  1408 | D:1      | HP: 1/33 [Sigmund/puff of flame (9)]
  1408 | D:1      | Slain by a quokka

Illustrated notes

Levels and vault maps discovered:
D:1:      dpeg_arrival_pits, layout_basic, chequers_serial_rivers_large_b,
          minmay_misc_feat_rugged, minmay_stone_trees_large, minmay_hedge_maze,
          roderic_malta_cross
D:2:      layout_basic, uniq_sigmund

Skill      XL: |  1  2 |
---------------+-------+-----
Long Blades    | 2 |  2.2
Armour         | 4 |  4.1
Fighting       | 3 |  3.0
Shields        | |  3.8

Action                     || total
---------------------------++-------
  Melee: Long sword        ||   116
         Tailslap          ||    12
    Use: Potion            ||     4
         Scroll            ||     2
 Armour: Scale mail        ||    73
  Dodge: Dodged            ||    51
  Block: Buckler           ||    20

Table legend: (Time is in decaauts)
 A = Elapsed time spent in this place.
 B = Non-inter-level travel time spent in this place.
 C = Inter-level travel time spent in this place.
 D = Time resting spent in this place.
 E = Time spent auto-exploring this place.
 F = Levels seen in this place.
 G = Mean time per level.
                   A        B        C        D        E       F      G
               +--------+--------+--------+--------+--------+-----+--------+
         Total |   1448 |   1349 |     99 |    411 |    670 |   2 |  724.0 |
       Dungeon |   1448 |   1349 |     99 |    411 |    670 |   2 |  724.0 |
               +--------+--------+--------+--------+--------+-----+--------+

Top non-repeatable levels by time:
     D:1: 1141 daAuts
     D:2: 307 daAuts
